 Dungeon Crawl Stone Soup version 0.30-a0-672-gc3a7216ad8 (webtiles) character file.

Game seed: 16416614751883584679

158 BigDaddyOpFi the Firebug (level 6, 0/35 HPs)
             Began as a Meteoran Fire Elementalist on Jan 18, 2023.
             Succumbed to a gnoll's poison
             ... on level 3 of the Dungeon.
             The game lasted 00:04:04 (1403 turns).

BigDaddyOpFi the Firebug (MeFE)                     Turns: 1403, Time: 00:04:04

Health: 0/35       AC:  2    Str:  9    XL:     6   Next: 0%
Magic:  2/13       EV: 13    Int: 19    God:
Gold:   99         SH:  0    Dex: 15    Spells: 10/13 levels left

rFire   . . .      SeeInvis .    d - +0 short sword
rCold   . . .      Faith    .    (no shield)
rNeg    . . .      Spirit   .    a - +0 robe
rPois   .          Reflect  .    (no helmet)
rElec   .          Harm     .    (no cloak)
rCorr   .          Rampage  .    (no gloves)
Will    .....                    (no boots)
Stlth   +                        (no amulet)
HPRegen 0.25/turn                (no ring)
MPRegen 0.13/turn                (no ring)

@: lethally poisoned (0 -> -25), glowing
A: sense surroundings 1, otherworldly, glowing, explore regen
a: no special abilities


You were on level 3 of the Dungeon.
You visited 1 branch of the dungeon, and saw 3 of its levels.

You collected 99 gold pieces.

Inventory:

Hand Weapons
 d - a +0 short sword (weapon)
Armour
 a - a +0 robe (worn)
Scrolls
 b - a scroll of poison {unknown}
 c - a scroll of noise {unknown}
 g - 2 scrolls of magic mapping {unknown}
 j - 3 scrolls of fear {unknown}
 k - 5 scrolls of identify {unknown}
 l - a scroll of fog {unknown}
Potions
 e - 2 potions of heal wounds {unknown}
 f - a potion of degeneration {unknown}
 h - a potion of curing {unknown}
 i - 2 potions of haste {unknown}
 m - a potion of ambrosia {unknown}


   Skills:
 - Level 2.7 Dodging
 - Level 1.6 Stealth
 + Level 4.0 Spellcasting
 - Level 1.7 Conjurations
 + Level 2.2 Translocations
 + Level 4.7 Fire Magic
 + Level 2.2 Air Magic


You had 10 spell levels left.
You knew the following spells:

 Your Spells              Type           Power      Damage    Failure   Level
a - Foxfire               Conj/Fire      64%        2x1d7     3%          1
b - Scorch                Fire           42%        2d7       3%          2

Your spell library contained the following spells:

 Spells                   Type           Power      Damage    Failure   Level
 Shock                    Conj/Air       44%        1d5       6%          1
 Static Discharge         Conj/Air       22%        2-3/arc   9%          2
 Kindle Blastsparks       Fire/Tloc/Air  30%        2d12      12%         3
 Inner Flame              Hex/Fire       12%        N/A       16%         3
 Swiftness                Air            12%        N/A       16%         3
 Vhi's Electric Charge    Tloc/Air       24%        N/A       16%         3
 Flame Wave               Conj/Fire      16%        2d7       36%         4
 Airstrike                Air            6%         2d(1-17)  47%         4
 Cause Fear               Hex            1%         N/A       80%         4
 Arcjolt                  Conj/Air       5%         1d15      86%         5
 Lightning Bolt           Conj/Air       5%         1d17      86%         5
 Discord                  Hex            1%         N/A       100%        8


Dungeon Overview and Level Annotations

Branches:
Dungeon (3/15) Zot: 598

Altars:

Shops:
D:3 !

Annotations:
D:3 1 transporter, berto's ghost, amateur MiFi


Innate Abilities, Weirdness & Mutations

You passively map a small area around you.
You are easily found by Zot.
You glow in the dark.
You regain HP and MP as you explore.


Message History

The gnoll is moderately wounded.
You conjure some foxfire!
A gnoll comes into view. It is wielding a +0 halberd of venom.
The foxfire hits the gnoll.
The gnoll is severely wounded.
You conjure some foxfire!
The gnoll closely misses you.
The foxfire hits the gnoll.
You kill the gnoll!
You conjure some foxfire!
The foxfire hits the gnoll.
The gnoll is moderately wounded.
There is not enough space to conjure foxfire!
Your foxfire dissipates!
The gnoll attacks as you move away! The gnoll barely misses you.
Casting: Foxfire (safe; 4% risk of failure)
Confirm with . or Enter, or press ? or * to list all spells.
Flames lash the gnoll.
The gnoll is severely wounded.
The gnoll's fire resistance burns away.
The gnoll hits you with a +0 club.
The gnoll hits you from afar with a +0 halberd of venom.
You are poisoned.
Casting: Scorch (safe; 3% risk of failure)
Confirm with . or Enter, or press ? or * to list all spells.
Flames lash the gnoll.
The gnoll is burned terribly!
You kill the gnoll!
You feel very sick. The gnoll misses you.
Your Spellcasting skill increases to level 4!
You have reached level 6!
You feel clever.
You feel sick.
The gnoll hits you with a +0 halberd of venom!
* * * LOW HITPOINT WARNING * * *
You are more poisoned.
You see here a +0 club.
Casting: Scorch (safe; 3% risk of failure)
Confirm with . or Enter, or press ? or * to list all spells.
Flames lash the gnoll.
The gnoll is severely wounded.
The gnoll's fire resistance burns away.
You die...

##############
###########(............
.....)g@.....########)#)
###########.## #.#. *
####...########.## ,
#............##.# *
##.##...####...#.#
.........##.#.#..## * *
###.###.#.>......... , *
# #.####.#.#.:## * #.#
##...#.##


You could see a gnoll (combustible).

Vanquished Creatures
  A phantom (D:2)
  2 gnolls (D:3)
  2 adders
  A worm (D:2)
  3 ball pythons
  8 endoplasms
  A giant cockroach (D:1)
  5 goblins
  2 hobgoblins (D:1)
  A quokka (D:1)
  5 bats
  2 frilled lizards (D:1)
  8 kobolds
  5 rats
46 creatures vanquished.

Vanquished Creatures (others)
  102 foxfires
102 creatures vanquished.

Grand Total: 148 creatures vanquished

Notes
Turn   | Place    | Note
-------+----------+-------------------------------------------
     0 | D:1      | BigDaddyOpFi the Meteoran Fire Elementalist began the quest
                  | for the Orb.
     0 | D:1      | Reached XP level 1. HP: 14/14 MP: 5/5
   138 | D:1      | Reached XP level 2. HP: 18/20 MP: 4/6
   185 | D:1      | Reached XP level 3. HP: 10/26 MP: 5/8
   227 | D:1      | Learned a level 2 spell: Scorch
   500 | D:1      | Glimpsed the power of Zot.
   550 | D:1      | Glimpsed the power of Zot.
   697 | D:2      | Noticed a phantom
   703 | D:2      | Killed a phantom
   704 | D:2      | Reached skill level 1 in Translocations
   704 | D:2      | Reached skill level 1 in Air Magic
   704 | D:2      | Reached XP level 4. HP: 32/33 MP: 1/10
   704 | D:2      | Reached XP level 5. HP: 37/38 MP: 1/11
  1057 | D:2      | Found a faded altar of an unknown god.
  1100 | D:2      | Glimpsed the power of Zot.
  1150 | D:2      | Glimpsed the power of Zot.
  1190 | D:2      | Glimpsed the power of Zot.
  1200 | D:2      | Touched by the power of Zot.
  1234 | D:3      | Found Zuanar's Distillery.
  1322 | D:3      | Identified the +1 great mace "Demonslayer" {holy, rF+ rN+
                  | Dex-5}
  1322 | D:3      | Noticed an ogre
  1323 | D:3      | Found a transporter.
  1323 | D:3      | Noticed an ogre
  1323 | D:3      | Noticed berto's ghost (amateur MiFi)
  1402 | D:3      | Reached XP level 6. HP: 18/35 MP: 4/13
  1403 | D:3      | Succumbed to a gnoll's poison

Illustrated notes

Levels and vault maps discovered:
D:1:      lightli_arrival_lavapool, layout_basic, minivault_25, minmay_tripent
D:2:      layout_loops_ring, dreamdust_ecumenical_altar_angels_and_demons
D:3:      layout_loops_ring, gammafunk_ghost_smash, serial_shops,
          nicolae_diamond_shop, chequers_mini_garden

Skill      XL: |  1  2  3  4  5 |
---------------+----------------+-----
Spellcasting   | 3 4 |  4.0
Fire Magic     | 4 |  4.7
Translocations | 1 2 |  2.2
Air Magic      | 1 2 |  2.2
Dodging        | |  2.7
Stealth        | |  1.6
Conjurations   | |  1.7

Action                   |  1- 3 |  4- 6 || total
-------------------------+-------+-------++-------
Melee: Unarmed           |    23 |       ||    23
       Short sword       |    15 |    18 ||    33
 Cast: Foxfire           |    81 |    13 ||    94
       Scorch            |       |     3 ||     3
  Use: Potion            |     1 |       ||     1
Armor: Robe              |    16 |     4 ||    20
Dodge: Dodged            |    39 |     7 ||    46

Table legend: (Time is in decaauts)
 A = Elapsed time spent in this place.
 B = Non-inter-level travel time spent in this place.
 C = Inter-level travel time spent in this place.
 D = Time resting spent in this place.
 E = Time spent auto-exploring this place.
 F = Levels seen in this place.
 G = Mean time per level.
                   A        B        C        D        E       F      G
               +--------+--------+--------+--------+--------+-----+--------+
         Total |   1402 |   1353 |     49 |    265 |    700 |   3 |  467.3 |
       Dungeon |   1402 |   1353 |     49 |    265 |    700 |   3 |  467.3 |
               +--------+--------+--------+--------+--------+-----+--------+

Top non-repeatable levels by time:
     D:2: 682 daAuts
     D:1: 550 daAuts
     D:3: 168 daAuts
